 Dungeon Crawl Stone Soup version 0.19-a0-1511-g16f215b (webtiles) character file.

64 Hexterity the Chopper (level 3, 0/31 HPs)
             Began as a Draconian Berserker on Sept 11, 2016.
             Was a Follower of Trog.
             Slain by a worm (12 damage)
             ... on level 2 of the Dungeon.
             The game lasted 00:05:33 (2032 turns).

Hexterity the Chopper (Draconian Berserker)         Turns: 2032, Time: 00:05:33

Health: 0/31       AC:  5    Str: 20    XL:     3   Next: 91%
Magic:  3/3        EV: 12    Int:  7    God:    Trog [*.....]
Gold:   116        SH:  0    Dex: 10    Spells: 0 memorised, 2 levels left

rFire  . . .     SeeInvis .     a - +0 hand axe
rCold  . . .     Gourm    .     (armour unavailable)
rNeg   . . .     Faith    .     (no shield)
rPois  .         Spirit   .     (helmet restricted)
rElec  .         Dismiss  .     (no cloak)
rCorr  .         Reflect  .     (no gloves)
MR     .....     Harm     .     (no boots)
Stlth  +.........               (no amulet)
                                (no ring)
                                (no ring)

@: no status effects
A: unfitting armour, cold-blooded, AC +5
a: Berserk, Burn Spellbooks, Renounce Religion


You were on level 2 of the Dungeon.
You worshipped Trog.
Trog was aware of your devotion.
You were not hungry.

You visited 1 branch of the dungeon, and saw 2 of its levels.

You collected 116 gold pieces.

Inventory:

Hand Weapons
 a - a +0 hand axe (weapon)
Missiles
 q - 2 exploding tomahawks (quivered)
Jewellery
 c - an uncursed ring of wizardry {unknown}
 l - an uncursed ring of protection from cold {unknown}
 n - an uncursed ring of ice {unknown}
 r - an uncursed amulet of dismissal {unknown}
Scrolls
 d - 3 scrolls of identify {unknown}
 e - a scroll of amnesia {unknown}
 g - 2 scrolls of remove curse {unknown}
 h - 2 scrolls of noise {unknown}
 j - a scroll of fear {unknown}
 k - a scroll of fog {unknown}
Potions
 f - 3 potions of might {unknown}
 i - a potion of curing
 m - a potion of lignification {unknown}
 o - a potion of cure mutation {unknown}
 p - a potion of ambrosia {unknown}
 u - a potion of mutation {unknown}
 v - a potion of invisibility {unknown}
Comestibles
 b - a bread ration
 s - a meat ration
 t - a chunk of flesh


   Skills:
 - Level 3.4 Fighting
 + Level 4.6 Axes
 - Level 2.9 Dodging


You had 2 spell levels left.
You didn't know any spells.

Dungeon Overview and Level Annotations

Branches:
Dungeon (2/15)

Altars:


Innate Abilities, Weirdness & Mutations

Your plain brown scales are hard. (AC +5)
Your body does not fit into most forms of armour.
You are cold-blooded and may be slowed by cold attacks.


Message History

You hit the worm.
The worm is moderately wounded.
The worm bites you but does no damage.
You barely miss the worm.
The worm is lightly wounded.
You hit the worm.
The worm is moderately wounded.
The worm barely misses you.
You hit the worm but do no damage.
The worm is moderately wounded.
The worm bites you!
You hit the worm.
The worm is heavily wounded.
You hit the worm but do no damage. You tail-slap the worm.
The worm is severely wounded.
The worm bites you.
You slash the worm!
The worm is almost dead.
The worm bites you!
You die...

#.# #....#######.....# #'##
#.##...)..######.# ...##
###.#..####..# #.# # ....##
#.....##=?##.# ###.# ## .....##
#.....+ ...#.###.#.# ##.
......####.....# .).#.......###..
......'.....#### l.##.........'..
......###..##.###w##..##...<###..
.....## #..#...'@# ###......# ##.
....## #..##รท###+ ##.##.## ##
...### ##..#'#.# #.##.# # .....#
##.....# #....# #.##.## ##.##.#
#.#### #.##..## #.# .# ##.# #.
..##...#####.# #.#####.#########.
..)..........# #..........>..##.
.........##### ######..#####.##.


You could see a worm and a giant gecko.

Vanquished Creatures
  An adder (D:2)
  A worm (D:2)
  4 dart slugs
  2 giant geckos (D:1)
  5 bats
  2 giant cockroaches (D:1)
  5 goblins
  11 hobgoblins
  2 ball pythons
  A giant newt (D:1)
  3 kobolds (D:1)
  A rat (D:1)
38 creatures vanquished.

Notes
Turn   | Place    | Note
-------+----------+-------------------------------------------
     0 | D:1      | Hexterity the Draconian Berserker began the quest for the Orb.
     0 | D:1      | Reached XP level 1. HP: 19/19 MP: 1/1
   475 | D:1      | Reached XP level 2. HP: 19/26 MP: 2/2
  1004 | D:1      | Reached XP level 3. HP: 28/31 MP: 3/3
  1215 | D:1      | Reached skill level 4 in Axes
  2032 | D:2      | Slain by a worm

Vault maps used:
D:1:      onia_arrival_pentagram
D:2:      minmay_joined_circles

Skill      XL: |  1  2  3 |
---------------+----------+-----
Axes           | 4 |  4.6
Fighting       | |  3.4
Dodging        | |  2.9

Action                   || total
-------------------------++-------
Melee: Hand axe          ||   153
       Tailslap          ||    16
  Use: Potion            ||     1
  Eat: Chunk             ||     4
Armor: Skin              ||    53
Dodge: Dodged            ||   104
